 Dungeon Crawl Stone Soup version 0.28-a0-816-gb054d885db (webtiles) character file.

Game seed: 7804765640793073827

6201 ytrimaz the Fighter (level 10, -1/83 HPs)
             Began as a Demonspawn Gladiator on Nov 8, 2021.
             Was an Initiate of Gozag.
             Slain by Snorg (10 damage)
             ... on level 10 of the Dungeon.
             The game lasted 00:14:04 (12427 turns).

ytrimaz the Fighter (Demonspawn Gladiator)         Turns: 12427, Time: 00:14:05

Health: -1/83      AC: 11    Str: 18    XL:     10   Next: 61%
Magic:  0/10       EV: 15    Int: 10    God:    Gozag
Gold:   837        SH:  4    Dex: 17    Spells: 9/9 levels left

rFire   . . .      SeeInvis .   g - +4 short sword (venom)
rCold   . . .      Faith    .   (no shield)
rNeg    . . .      Spirit   +   y - +1 leather armour "Usheisiana" {Dex+3 Stlth+}
rPois   .          Reflect  .   (helmet restricted)
rElec   .          Harm     .   (no cloak)
rCorr   .          Rampage  .   m - +1 pair of gloves
Will    +....                   (no boots)
Stlth   ++........              j - amulet of guardian spirit
HPRegen 0.23/turn               q - ring of willpower
MPRegen 0.12/turn               (no ring)

@: no status effects
A: claws 2, icemail 1, spiny 1, condensation shield, weakness stinger 1, horns
1, MP-powered wands
a: Renounce Religion, Potion Petition, Call Merchant, Bribe Branch


You were on level 10 of the Dungeon.
You worshipped Gozag.
Gozag was pleased with you.
You visited 2 branches of the dungeon, and saw 11 of its levels.

You collected 921 gold pieces.
You paid 84 gold pieces to Gozag.

Inventory:

Hand Weapons
 g - a +4 short sword of venom (weapon)
 i - the +9 hunting sling "Fomn" {venom, rF+}
   (You found it on level 6 of the Dungeon)

   Any ammunition fired from it poisons the flesh of those it strikes.
   rF:        It protects you from fire.
Missiles
 d - 5 throwing nets (quivered)
Armour
 m - a +1 pair of gloves (worn)
 y - the +1 leather armour "Usheisiana" (worn) {Dex+3 Stlth+}
   (You found it on level 6 of the Dungeon)

   Dex:       It affects your dexterity (+3).
   Stlth:     It makes you more stealthy.
 z - a +0 plate armour
Jewellery
 j - an amulet of guardian spirit (around neck)
 q - a ring of willpower (left hand)
Wands
 b - a wand of polymorph (7)
 f - a wand of acid (17)
 k - a wand of iceblast (49)
 r - a wand of charming (8)
 s - a wand of digging (6)
Scrolls
 a - a scroll of acquirement {unknown}
 c - 5 scrolls of teleportation
 h - a scroll of amnesia
 l - a scroll of enchant armour
 p - a scroll of enchant weapon
 t - 3 scrolls of blinking
 w - a scroll of vulnerability {unknown}
Potions
 e - a potion of might
 n - 2 potions of brilliance
 o - a potion of attraction
 u - a potion of heal wounds
 v - 3 potions of curing
 x - a potion of haste {unknown}


   Skills:
 * Level 9.1 Fighting
 - Level 2.9 Short Blades
 - Level 1.7 Throwing
 * Level 7.4 Armour
 + Level 6.8 Dodging
 + Level 3.6 Shields
 * Level 6.2 Unarmed Combat


You had 9 spell levels left.
You didn't know any spells.
Your spell library contained the following spells:

 Spells                   Type           Power      Damage    Failure   Level
 Animate Skeleton         Necr           0%         N/A       41%         1
 Apportation              Tloc           0%         N/A       41%         1
 Magic Dart               Conj           0%         1d3       41%         1
 Summon Small Mammal      Summ           0%         N/A       41%         1
 Call Imp                 Summ           0%         N/A       54%         2
 Ensorcelled Hibernation  Hex/Ice        0%         N/A       54%         2
 Mephitic Cloud           Conj/Pois/Air  0%         N/A       78%         3
 Tukima's Dance           Hex            0%         N/A       78%         3


Dungeon Overview and Level Annotations

Branches:
Dungeon (10/15)            Temple (1/1) D:7            Lair (0/6) D:9
    Orc: D:9-12

Altars:
Ashenzari
Cheibriados
Elyvilon
Fedhas
Gozag
Hepliaklqana
Makhleb
Nemelex Xobeh
Qazlal
Ru
Sif Muna
Trog
Uskayaw
Vehumet
Wu Jian
Yredelemnul
Zin

Annotations:
D:6 exclusion: oklob plant
D:9 2 transporters, AttackTheMoon's ghost, journeyman FoFi
D:10 Snorg


Innate Abilities, Weirdness & Mutations

You have very sharp fingernails.
A meltable icy envelope protects you from harm. (AC +4)
You are partially covered in sharp spines.
A meltable shield of frost defends you. (SH +4)
You have a small tail.
You have a pair of small horns on your head.
You expend magic power (3 MP) to strengthen your wands.


Message History

You puncture Snorg!
Snorg looks as sick as possible!
You punch Snorg!
Snorg is moderately wounded.
Snorg bites you. Snorg barely misses you. Snorg claws you!
You barely miss Snorg. Your headbutt misses Snorg.
Snorg is moderately wounded.
Snorg is struck by your spines. Snorg barely misses you.
Snorg closely misses you. Snorg claws you! Snorg is struck by your spines.
Snorg bites you but does no damage. Snorg barely misses you.
Snorg closely misses you.
You closely miss Snorg.
Snorg is moderately wounded.
Snorg barely misses you. Snorg completely misses you. Snorg claws you.
You hit Snorg but do no damage.
Snorg looks as sick as possible!
You headbutt Snorg.
Your tail-slap misses Snorg.
Snorg is moderately wounded.
Snorg is struck by your spines. Snorg bites you. You block Snorg's attack.
Snorg barely misses you. Snorg bites you but does no damage. Snorg claws you!
Snorg barely misses you.
Found a stone staircase leading down.
Snorg bites you but does no damage. Snorg barely misses you.
Snorg completely misses you. Snorg closely misses you.
Snorg completely misses you. Snorg claws you but does no damage.
You open the door. Snorg bites you! Snorg claws you but does no damage.
Snorg claws you. The wight is struck by your spines. The wight misses you.
Snorg is struck by your spines. Snorg bites you! You block Snorg's attack.
Snorg misses you.
There is a stone staircase leading down here.
Snorg is struck by your spines. Snorg bites you!
* * * LOW HITPOINT WARNING * * *
You block Snorg's attack. Snorg closely misses you.
Snorg rages.
Snorg bites you.
* * * LOW HITPOINT WARNING * * *
You block Snorg's attack. Snorg completely misses you. Snorg bites you!
* * * LOW HITPOINT WARNING * * *
Snorg closely misses you. Snorg claws you!
You die...
Your body crumbles into a pile of gold.

+.<.... #......
#####+##......
#.............
#.............
######.............
####+#....zz>...........
...........##'##########
.......@T..#....
...........#......
...........########
####+#####... #.....
#..... ..... ...


You could see Snorg (berserk, very poisoned) and 2 wights.

Vanquished Creatures
  A two-headed ogre (D:6)
  Pikel (D:5)
  An elephant (D:9)
  A komodo dragon (D:6)
  A troll (D:9)
  Sigmund (D:3)
  A yak (D:9)
  A wyvern (D:9)
  A steam dragon (D:8)
  A basilisk (D:9)
  Menkaure (D:6)
  2 sky beasts
  An ice beast (D:5)
  A hornet zombie (D:9)
  3 orc warriors
  2 black bears
  2 necrophages
  An ogre (D:5)
  3 centaurs
  4 lemures (D:5)
  3 kobold brigands
  A bullfrog (D:6)
  3 scorpions
  3 wights (D:7)
  6 killer bees (D:8)
  A howler monkey (D:5)
  3 electric eels (D:8)
  6 hounds
  2 bullfrog skeletons (D:5)
  A bullfrog zombie (D:5)
  4 orc priests
  A gnoll shaman (D:6)
  An iron imp (D:4)
  A jelly (D:6)
  A centaur skeleton (D:6)
  An iguana (D:3)
  13 orc wizards
  A hound skeleton (D:4)
  2 howler monkey zombies
  7 gnolls
  7 adders
  2 shadow imps
  2 white imps
  2 ufetubi
  2 worms
  2 dart slugs
  44 orcs
  3 bats
  6 endoplasms
  4 giant cockroaches
  3 goblins (D:1)
  4 hobgoblins
  8 jackals
  5 quokkas
  10 ball pythons
  3 frilled lizards (D:4)
  22 kobolds
  4 rats
224 creatures vanquished.

Vanquished Creatures (others)
  A quokka (D:5)
  17 plants
18 creatures vanquished.

Grand Total: 242 creatures vanquished

Notes
Turn   | Place    | Note
-------+----------+-------------------------------------------
     0 | D:1      | ytrimaz the Demonspawn Gladiator began the quest for the
                  | Orb.
     0 | D:1      | Reached XP level 1. HP: 16/16 MP: 1/1
     0 | D:1      | Upgraded the game from 0.28-a0-804-g60983d4ba9 to
                  | 0.28-a0-816-gb054d885db
   362 | D:1      | Discovered your monstrous ancestry.
   362 | D:1      | Gained mutation: You have sharp fingernails. [demonic
                  | ancestry]
   362 | D:1      | Reached XP level 2. HP: 12/22 MP: 2/2
  1151 | D:2      | Reached XP level 3. HP: 14/28 MP: 3/3
  1353 | D:2      | Reached skill level 1 in Armour
  1353 | D:2      | Reached skill level 1 in Unarmed Combat
  1440 | D:2      | Found a faded altar of an unknown god.
  1860 | D:3      | Gained mutation: A meltable shield of frost defends you.
                  | (SH +4) [demonic ancestry]
  1860 | D:3      | Reached XP level 4. HP: 30/34 MP: 4/4
  2257 | D:3      | Noticed Sigmund
  2288 | D:3      | Killed Sigmund
  2289 | D:3      | Reached skill level 3 in Fighting
  2289 | D:3      | Reached XP level 5. HP: 12/41 MP: 2/5
  2289 | D:3      | Reached XP level 6. HP: 13/47 MP: 2/6
  2692 | D:3      | Found a hazy altar of Hepliaklqana.
  2950 | D:4      | Found a snail-covered altar of Cheibriados.
  3078 | D:3      | Gained mutation: You have a pair of small horns on your
                  | head. [potion of mutation]
  3078 | D:3      | Gained mutation: You expend magic power (3 MP) to
                  | strengthen your wands. [potion of mutation]
  3078 | D:3      | HP: 1/47 [scorpion (4)]
  4416 | D:4      | Gained mutation: You are partially covered in sharp spines.
                  | [demonic ancestry]
  4416 | D:4      | Reached XP level 7. HP: 53/53 MP: 7/7
  4488 | D:4      | Reached skill level 4 in Fighting
  4488 | D:4      | Reached skill level 1 in Shields
  4600 | D:5      | Entered Level 5 of the Dungeon
  4753 | D:5      | Reached skill level 5 in Fighting
  5183 | D:5      | Gained mutation: You have a small tail. [demonic ancestry]
  5183 | D:5      | Reached XP level 8. HP: 60/62 MP: 8/8
  5476 | D:5      | Noticed Pikel
  6077 | D:5      | Killed Pikel
  6078 | D:5      | Reached skill level 6 in Fighting
  6078 | D:5      | Reached skill level 5 in Dodging
  6195 | D:6      | Noticed Menkaure
  6207 | D:6      | Reached skill level 5 in Armour
  6212 | D:6      | Killed Menkaure
  6255 | D:6      | Noticed a komodo dragon
  6268 | D:6      | Killed a komodo dragon
  6269 | D:6      | Gained mutation: A meltable icy envelope protects you from
                  | harm. (AC +4) [demonic ancestry]
  6269 | D:6      | Reached XP level 9. HP: 47/71 MP: 5/9
  6424 | D:6      | Noticed a two-headed ogre
  6440 | D:6      | HP: 3/71 [poisoned by an orc wizard]
  6443 | D:6      | HP: 1/71 [poisoned by an orc wizard]
  6454 | D:6      | Killed a two-headed ogre
  6455 | D:6      | Reached skill level 7 in Fighting
  7007 | D:6      | Found a blossoming altar of Fedhas.
  7032 | D:6      | Noticed an oklob plant
  7834 | D:6      | Identified the +1 leather armour "Usheisiana" {Dex+3
                  | Stlth+}
  7835 | D:6      | Identified the +9 hunting sling "Fomn" {venom, rF+}
  7936 | D:7      | Found a staircase to the Ecumenical Temple.
  8019 | D:7      | Found an ornate altar of the Wu Jian Council.
  8035 | D:7      | Reached skill level 5 in Unarmed Combat
  8088 | Temple   | Entered the Ecumenical Temple
  8335 | Temple   | Became a worshipper of Gozag Ym Sagoz the Greedy
  8385 | D:7      | Reached skill level 8 in Fighting
  8928 | D:8      | Gained mutation: You have very sharp fingernails. [demonic
                  | ancestry]
  8928 | D:8      | Reached XP level 10. HP: 74/81 MP: 8/10
 10704 | D:9      | Found a transporter.
 10711 | D:9      | Found a transporter.
 10712 | D:9      | Noticed AttackTheMoon's ghost (journeyman FoFi)
 10933 | D:9      | Noticed an elephant
 10934 | D:9      | Found a staircase to the Lair.
 10965 | D:9      | Killed an elephant
 10988 | D:9      | Reached skill level 9 in Fighting
 12408 | D:10     | Entered Level 10 of the Dungeon
 12408 | D:10     | Noticed Snorg
 12427 | D:10     | Slain by Snorg

Illustrated notes

Levels and vault maps discovered:
D:1:      saegor_arrival_simple_c, layout_loops_ring
D:2:      layout_rooms, hellmonk_ecumenical_altar_run_dry
D:3:      layout_basic, mainiacjoe_overflow_six_doors_small,
          minmay_misc_feat_nine_boxes, uniq_sigmund
D:4:      layout_rooms, slow_altar_1, nicolae_overflow_hidden_temple,
          kennysheep_nub, lexackson_kobold_supper
D:5:      layout_gridville, elyvilon_altar_4, uniq_pikel
D:6:      layout_loops_ring, tgw_fedhas, uniq_menkaure
D:7:      layout_loops_ring, pdpol_wu_jian_five_deadly_venoms,
          minmay_temple_entry_mini_moons, glass_columns_b, serial_park_tiny_1
D:8:      layout_loops_ring, enter_bailey_6, serial_bayou_lake_a
D:9:      layout_stronghold, david_lair_generic, serial_rivers,
          chequers_serial_rivers_micro_d, chequers_serial_rivers_micro_c,
          chequers_serial_rivers_large_b, chequers_serial_rivers_room_b,
          chequers_serial_rivers_micro_d, chequers_serial_rivers_micro_a,
          gammafunk_ghost_hive, kennysheep_generic_room_16
D:10:     layout_gridville, kennysheep_okawaru_gauntlet, xom_confusion_cloud,
          serial_shops, nicolae_shop_crystal, uniq_josephine, uniq_psyche,
          uniq_fannar, uniq_snorg
Temple:   minmay_temple_bridge_abc

Skill      XL: |  1  2  3  4  5  6  7  8  9 10 |
---------------+-------------------------------+-----
Dodging        | 3 4 5 6 |  6.8
Armour         | 1 2 3 4 5 6 7 |  7.4
Unarmed Combat | 1 2 3 4 5 6 |  6.2
Fighting       | 3 5 6 8 9 |  9.1
Shields        | 1 2 3 |  3.6
Short Blades   | |  2.9
Throwing       | |  1.7

Action                   |  1- 3 |  4- 6 |  7- 9 | 10-12 || total
-------------------------+-------+-------+-------+-------++-------
Melee: Rapier            |    21 |       |       |       ||    21
       Unarmed           |    71 |       |       |    63 ||   134
       Punch             |     1 |       |     5 |     8 ||    14
       Short sword       |    44 |   119 |   272 |   105 ||   540
       Headbutt          |       |    13 |    57 |    42 ||   112
       Tailslap          |       |       |    33 |    28 ||    61
  Use: Potion            |     1 |     4 |     1 |       ||     6
       Scroll            |     1 |     6 |     1 |     6 ||    14
 Stab: Distracted        |       |       |     2 |     2 ||     4
       Sleeping          |       |       |     1 |     2 ||     3
Armor: Leather armour    |    43 |    62 |    43 |    57 ||   205
       Scale mail        |       |       |    25 |       ||    25
Dodge: Dodged            |   101 |   115 |   121 |   100 ||   437
Block: Other             |       |    31 |    42 |    28 ||   101

Table legend: (Time is in decaauts)
 A = Elapsed time spent in this place.
 B = Non-inter-level travel time spent in this place.
 C = Inter-level travel time spent in this place.
 D = Time resting spent in this place.
 E = Time spent auto-exploring this place.
 F = Levels seen in this place.
 G = Mean time per level.
                   A        B        C        D        E       F      G
               +--------+--------+--------+--------+--------+-----+--------+
         Total |  12493 |  11953 |    540 |   3128 |   6787 |  11 | 1135.7 |
       Dungeon |  12225 |  11705 |    520 |   3128 |   6564 |  10 | 1222.5 |
        Temple |    268 |    248 |     20 |      0 |    223 |   1 |  268.0 |
               +--------+--------+--------+--------+--------+-----+--------+

Top non-repeatable levels by time:
     D:5: 2066 daAuts
     D:9: 1876 daAuts
     D:3: 1836 daAuts
     D:8: 1711 daAuts
     D:6: 1198 daAuts
     D:1: 1002 daAuts
     D:4: 974 daAuts
     D:2: 779 daAuts
     D:7: 759 daAuts
  Temple: 268 daAuts
    D:10: 18 daAuts
